 Dungeon Crawl Stone Soup version 0.29-a0-490-g77b3608bb8 (webtiles) character file.

Game seed: 14198039514026336297

58 Zeld the Grave Robber (level 3, 0/28 HPs)
             Began as a Deep Dwarf Necromancer on May 26, 2022.
             Slain by a gnoll
             ... wielding a +1 whip of flaming
              (3 damage)
             ... on level 2 of the Dungeon.
             The game lasted 00:03:31 (2105 turns).

Zeld the Grave Robber (Deep Dwarf Necromancer)      Turns: 2105, Time: 00:03:31

Health: 0/28       AC:  2    Str: 11    XL:     3   Next: 75%
Magic:  0/6        EV: 12    Int: 17    God:
Gold:   74         SH:  0    Dex: 13    Spells: 3/7 levels left

rFire   . . .      SeeInvis .   (no weapon)
rCold   . . .      Faith    .   (no shield)
rNeg    . . .      Spirit   .   a - +0 robe
rPois   .          Reflect  .   (no helmet)
rElec   .          Harm     .   (no cloak)
rCorr   .          Rampage  .   (no gloves)
Will    .....                   (no boots)
Stlth   ++........              (no amulet)
HPRegen 0.00/turn               (no ring)
MPRegen 0.10/turn               (no ring)

@: no status effects
A: damage resistance, heal wounds, sense surroundings 1, no regeneration
a: Heal Wounds


You were on level 2 of the Dungeon.
You visited 1 branch of the dungeon, and saw 2 of its levels.

You collected 74 gold pieces.

Inventory:

Armour
 a - a +0 robe (worn)
Scrolls
 c - a scroll of vulnerability {unknown}
 f - a scroll of immolation {unknown}
 g - a scroll of fear {unknown}
 h - a scroll of brand weapon {unknown}
 i - a scroll of fog {unknown}
 j - 2 scrolls of identify {unknown}
Potions
 b - 2 potions of magic
 d - a potion of degeneration {unknown}
 e - 2 potions of curing {unknown}


   Skills:
 - Level 2.1 Dodging
 + Level 3.2 Stealth
 * Level 2.5 Spellcasting
 * Level 5.1 Necromancy


You had 3 spell levels left.
You knew the following spells:

 Your Spells              Type           Power      Damage    Failure   Level
a - Necrotize             Necr           76%        1d7       2%          1
b - Vampiric Draining     Necr           19%        2d7       7%          3

Your spell library contained the following spells:

 Spells                   Type           Power      Damage    Failure   Level
 Tukima's Dance           Hex            2%         N/A       50%         3
 Animate Dead             Necr           19%        N/A       22%         4
 Agony                    Necr           19%        N/A       52%         5
 Passage of Golubria      Tloc           2%         N/A       88%         4
 Yara's Violent Unravell  Hex/Tmut       1%         3d3       99%         5


Dungeon Overview and Level Annotations

Branches:
Dungeon (2/15)

Altars:


Innate Abilities, Weirdness & Mutations

You are resistant to damage.
You can heal yourself by infusing magical energy.
You passively map a small area around you.
You do not regenerate.


Message History

Done waiting.
You start waiting.
Done waiting.
You climb downwards.
There is a stone staircase leading up here.
Casting: Necrotize (safe; 2% risk of failure)
Confirm with . or Enter, or press ? or * to list all spells.
The spell is quite dangerous to miscast (7% risk of failure)!
Continue anyway? [Y]es or [N]o only, please.
The spell is quite dangerous to miscast (7% risk of failure)!
Continue anyway?
Aiming: Vampiric Draining (quite dangerous; 7% risk of failure)
Press: ? - help, Shift-Dir - straight line, f - gnoll
Aim: a gnoll, wielding a +1 whip of flaming You draw life force from the gnoll.
You feel life coursing into your body.
The gnoll hits you with a +1 whip of flaming!
* * * LOW HITPOINT WARNING * * *
The gnoll burns you.
Casting: Vampiric Draining (quite dangerous; 7% risk of failure)
Confirm with . or Enter, or press ? or * to list all spells.
The spell is quite dangerous to miscast (7% risk of failure)!
Continue anyway? [Y]es or [N]o only, please.
The spell is quite dangerous to miscast (7% risk of failure)!
Continue anyway?
Okay, then.
Casting: Vampiric Draining (quite dangerous; 7% risk of failure)
Confirm with . or Enter, or press ? or * to list all spells.
The spell is quite dangerous to miscast (7% risk of failure)!
Continue anyway? [Y]es or [N]o only, please.
The spell is quite dangerous to miscast (7% risk of failure)!
Continue anyway?
Aiming: Vampiric Draining (quite dangerous; 7% risk of failure)
Press: ? - help, Shift-Dir - straight line, f/p - gnoll
Aim: a gnoll, wielding a +1 whip of flaming (heavily wounded)
You draw life force from the gnoll!
You feel life coursing into your body.
The gnoll hits you with a +1 whip of flaming!
* * * LOW HITPOINT WARNING * * *
The gnoll burns you.
Unknown command.
The gnoll attacks as you move away! The gnoll barely misses you.
The gnoll attacks as you move away!
The gnoll hits you with a +1 whip of flaming.
You die...

##...# ##.....## #.......#
#.......# ############
#....... #..........#
###.....########..........#
#........)....##..........#
.........####<.g.....w....#
#.......# ####@.........#
#.......# #.............#
##...g.## #.##..........#
##...######.#############
##.........######
#................
#####...############.
#......## * .g###.########*
*


You could see a worm and a gnoll.

Vanquished Creatures
  2 adders (D:2)
  A gnoll (D:2)
  3 ball pythons (D:1)
  3 endoplasms (D:1)
  A hobgoblin (D:1)
  3 jackals (D:1)
  A quokka (D:1)
  8 bats (D:1)
  2 kobolds
  A rat (D:1)
25 creatures vanquished.

Vanquished Creatures (collateral kills)
  A goblin (D:1)
  A hobgoblin (D:1)
  A kobold (D:1)
  2 ball pythons
  A frilled lizard (D:1)
6 creatures vanquished.

Grand Total: 31 creatures vanquished

Notes
Turn   | Place    | Note
-------+----------+-------------------------------------------
     0 | D:1      | Zeld the Deep Dwarf Necromancer began the quest for the
                  | Orb.
     0 | D:1      | Reached XP level 1. HP: 15/15 MP: 3/3
   259 | D:1      | Reached XP level 2. HP: 14/22 MP: 1/5
  1409 | D:2      | Reached XP level 3. HP: 11/28 MP: 2/6
  1413 | D:2      | Learned a level 3 spell: Vampiric Draining
  1753 | D:2      | Reached skill level 5 in Necromancy
  2105 | D:2      | Slain by a gnoll

Illustrated notes

Levels and vault maps discovered:
D:1:      dpeg_arrival_arbitrary_c, layout_basic
D:2:      layout_rooms, uniq_sigmund

Skill      XL: |  1  2  3 |
---------------+----------+-----
Spellcasting   | 2 |  2.5
Stealth        | 3 |  3.2
Necromancy     | 5 |  5.1
Dodging        | |  2.1

Action                   || total
-------------------------++-------
Melee: Unarmed           ||    25
       Punch             ||     1
 Cast: Necrotize         ||    48
       Vampiric Draining ||     8
 Stab: Distracted        ||     1
Armor: Robe              ||    13
Dodge: Dodged            ||    57

Table legend: (Time is in decaauts)
 A = Elapsed time spent in this place.
 B = Non-inter-level travel time spent in this place.
 C = Inter-level travel time spent in this place.
 D = Time resting spent in this place.
 E = Time spent auto-exploring this place.
 F = Levels seen in this place.
 G = Mean time per level.
                   A        B        C        D        E       F      G
               +--------+--------+--------+--------+--------+-----+--------+
         Total |   2107 |   2082 |     25 |    599 |   1157 |   2 | 1053.5 |
       Dungeon |   2107 |   2082 |     25 |    599 |   1157 |   2 | 1053.5 |
               +--------+--------+--------+--------+--------+-----+--------+

Top non-repeatable levels by time:
     D:1: 1845 daAuts
     D:2: 262 daAuts
